TOP OF THE 1ST |
Albuquerque Isotopes batting - Pitching for San Jose Missions : LHP Octávio Pérez
|
Pitching: LHP Octávio Pérez
|
|
Batting: LHB A.J. Major
|
0-0: Called Strike 0-1: Ground out 5-3 (Groundball, 5L)
|
Batting: RHB Doug Stephens
|
0-0: Foul Ball, location: 2F 0-1: Ball 1-1: Ball 2-1: Called Strike 2-2: Ball 3-2: Base on Balls
|
Batting: LHB Mark Vestal
|
0-0: Ball 1-0: Ball 2-0: Called Strike 2-1: Ball 3-1: Foul Ball, location: 2F 3-2: Strikes out swinging
|
Batting: RHB Edward Young
|
0-0: Swinging Strike 0-1: Ball 1-1: Ball 2-1: Ball 3-1: Base on Balls Doug Stephens to second
|
Batting: LHB Juan Carlos Sánchez
|
0-0: Ball 1-0: Called Strike 1-1: Foul Ball, location: 2F 1-2: Ball 2-2: Ball 3-2: Fly out, F7 (Flyball, 78M)
|
Top of the 1st over - 0 run(s), 0 hit(s), 0 error(s), 2 left on base; Albuquerque 0 - San Jose 0 |
BOTTOM OF THE 1ST |
San Jose Missions batting - Pitching for Albuquerque Isotopes : RHP Mark Sanders
|
Pitching: RHP Mark Sanders
|
|
Batting: RHB Luis Antonio Rosas
|
0-0: Ball 1-0: Ball 2-0: Ground out 5-3 (Groundball, 15S)
|
Batting: RHB Joe Broadhead
|
0-0: Ball 1-0: Foul Ball, location: 2F 1-1: Ball 2-1: Foul Ball, location: 2F 2-2: SINGLE (Line Drive, 89S)
|
Batting: LHB Miguel Montés
|
0-0: Called Strike 0-1: Ball 1-1: Swinging Strike 1-2: Ball 2-2: Ball 3-2: Foul Ball, location: 2F 3-2: Strikes out swinging Joe Broadhead steals 2nd base Batter strikes out.
|
Batting: RHB Armando López
|
0-0: Called Strike 0-1: Ball 1-1: SINGLE (Line Drive, 4D) Joe Broadhead to third
|
Batting: LHB John Foster
|
0-0: Ball 1-0: Ball 2-0: Foul Ball, location: 2F 2-1: SINGLE (Groundball, 34D) Joe Broadhead scores Armando López to second Runner from 2nd tries for 3rd, SAFE, throw made to third
|
Batting: RHB Madidou El Sayed
|
0-0: Foul Ball, location: 2F 0-1: Ball 1-1: Fly out, F9 (Flyball, 9LM)
|
Bottom of the 1st over - 1 run(s), 3 hit(s), 0 error(s), 2 left on base; Albuquerque 0 - San Jose 1 |
TOP OF THE 2ND |
Albuquerque Isotopes batting - Pitching for San Jose Missions : LHP Octávio Pérez
|
Batting: RHB Juan Alberto
|
0-0: Called Strike 0-1: Foul Ball, location: 2F 0-2: Ball 1-2: Strikes out swinging
|
Batting: LHB Domingo Cardona
|
0-0: Called Strike 0-1: Swinging Strike 0-2: Strikes out swinging
|
Batting: SHB Tony McLaughlin
|
0-0: Swinging Strike 0-1: Foul Ball, location: 2F 0-2: DOUBLE (Line Drive, 78D)
|
Batting: RHB Luis Martínez
|
0-0: Called Strike 0-1: Ball 1-1: Ball 2-1: Ground out 4-3 (Groundball, 4)
|
Top of the 2nd over - 0 run(s), 1 hit(s), 0 error(s), 1 left on base; Albuquerque 0 - San Jose 1 |
BOTTOM OF THE 2ND |
San Jose Missions batting - Pitching for Albuquerque Isotopes : RHP Mark Sanders
|
Batting: RHB Chase Mueller
|
0-0: Ball 1-0: Called Strike 1-1: Swinging Strike 1-2: Strikes out swinging
|
Batting: RHB Bobby Brewster
|
0-0: Ball 1-0: Ball 2-0: Foul Ball, location: 2F 2-1: Called Strike 2-2: Foul Ball, location: 2F 2-2: Foul Ball, location: 2F 2-2: Ball 3-2: Foul Ball, location: 2F 3-2: SINGLE (Flyball, 89S)
|
Batting: RHB Elliott Rucker
|
0-0: Swinging Strike 0-1: Foul Ball, location: 2F 0-2: Foul Ball, location: 2F 0-2: Ball 1-2: SINGLE (Line Drive, 4D) Bobby Brewster to second
|
Batting: RHB Luis Antonio Rosas
|
0-0: Swinging Strike 0-1: Called Strike 0-2: Fielders Choice at 2nd, 1-6 (Groundball, 15) Bobby Brewster to third
|
Batting: RHB Joe Broadhead
|
0-0: Ball 1-0: Ground out 4-3 (Groundball, 4)
|
Bottom of the 2nd over - 0 run(s), 2 hit(s), 0 error(s), 2 left on base; Albuquerque 0 - San Jose 1 |
TOP OF THE 3RD |
Albuquerque Isotopes batting - Pitching for San Jose Missions : LHP Octávio Pérez
|
Batting: LHB A.J. Major
|
0-0: Called Strike 0-1: Foul Ball, location: 2F 0-2: Foul Ball, location: 2F 0-2: Ground out 3-1 (Groundball, 34)
|
Batting: RHB Doug Stephens
|
0-0: Ball 1-0: Called Strike 1-1: SINGLE (Groundball, 34D)
|
Batting: LHB Mark Vestal
|
0-0: Swinging Strike 0-1: Ball 1-1: Foul Ball, location: 2F 1-2: Ball 2-2: Ball 3-2: Base on Balls Doug Stephens to second
|
Batting: RHB Edward Young
|
0-0: Swinging Strike 0-1: Grounds into double play, 6-4-3 (Groundball, 56)
|
Top of the 3rd over - 0 run(s), 1 hit(s), 0 error(s), 1 left on base; Albuquerque 0 - San Jose 1 |
BOTTOM OF THE 3RD |
San Jose Missions batting - Pitching for Albuquerque Isotopes : RHP Mark Sanders
|
Batting: LHB Miguel Montés
|
0-0: Fly out, F7 (Flyball, 7D)
|
Batting: RHB Armando López
|
0-0: Called Strike 0-1: Ball 1-1: Ball 2-1: Swinging Strike 2-2: Strikes out swinging
|
Batting: LHB John Foster
|
0-0: Ground out U3 (Groundball, 3L)
|
Bottom of the 3rd over - 0 run(s), 0 hit(s), 0 error(s), 0 left on base; Albuquerque 0 - San Jose 1 |
TOP OF THE 4TH |
Albuquerque Isotopes batting - Pitching for San Jose Missions : LHP Octávio Pérez
|
Batting: LHB Juan Carlos Sánchez
|
0-0: Fly out, F4 (Line Drive, 4M)
|
Batting: RHB Juan Alberto
|
0-0: Foul Ball, location: 2F 0-1: Ball 1-1: Ball 2-1: Ball 3-1: Base on Balls
|
Batting: LHB Domingo Cardona
|
0-0: Ball 1-0: Called Strike 1-1: Foul Ball, location: 2F 1-2: Foul Ball, location: 2F 1-2: Strikes out swinging
|
Batting: SHB Tony McLaughlin
|
0-0: Called Strike 0-1: Ball 1-1: Ball 2-1: SINGLE (Flyball, 9S) Juan Alberto to second Runner from 2nd tries for 3rd, SAFE, throw made to third
|
Pitching: RHP Larry West
|
|
Batting: RHB Luis Martínez
|
0-0: Called Strike 0-1: Ball 1-1: Fly out, F7 (Flyball, 78XD)
|
Top of the 4th over - 0 run(s), 1 hit(s), 0 error(s), 2 left on base; Albuquerque 0 - San Jose 1 |
BOTTOM OF THE 4TH |
San Jose Missions batting - Pitching for Albuquerque Isotopes : RHP Mark Sanders
|
Batting: RHB Madidou El Sayed
|
0-0: Ball 1-0: Ground out 4-3 (Groundball, 4)
|
Batting: RHB Chase Mueller
|
0-0: Ball 1-0: Ball 2-0: Fly out, F9 (Flyball, 9LMF)
|
Batting: RHB Bobby Brewster
|
0-0: Ball 1-0: Ball 2-0: Called Strike 2-1: Ball 3-1: Called Strike 3-2: SINGLE (Groundball, 56D)
|
Batting: RHB Elliott Rucker
|
0-0: Foul Ball, location: 2F 0-1: Ball 1-1: Ground out 1-3 (Groundball, 13S)
|
Bottom of the 4th over - 0 run(s), 1 hit(s), 0 error(s), 1 left on base; Albuquerque 0 - San Jose 1 |
TOP OF THE 5TH |
Albuquerque Isotopes batting - Pitching for San Jose Missions : RHP Larry West
|
Batting: LHB A.J. Major
|
0-0: Ball 1-0: Ball 2-0: Ball 3-0: Base on Balls
|
Batting: RHB Doug Stephens
|
0-0: Called Strike A.J. Major steals 2nd base 0-1: SINGLE (Line Drive, 4D) A.J. Major to third
|
Batting: LHB Mark Vestal
|
0-0: Ball 1-0: SINGLE (Line Drive, 9LS) A.J. Major scores Doug Stephens to second
|
Batting: RHB Edward Young
|
0-0: Ball 1-0: Ball 2-0: SINGLE (Line Drive, 56D) Doug Stephens to third Mark Vestal to second
|
Batting: LHB Juan Carlos Sánchez
|
0-0: Foul Ball, location: 2F 0-1: Ball 1-1: Ball 2-1: GRAND SLAM HOME RUN (Flyball, 89XD), Distance : 414 ft
|
Pitching: LHP Robert Flannery
|
|
Batting: RHB Juan Alberto
|
0-0: Swinging Strike 0-1: SINGLE (Groundball, 56) (infield hit)
|
Batting: LHB Domingo Cardona
|
0-0: Called Strike 0-1: Swinging Strike 0-2: Ball 1-2: Strikes out swinging
|
Batting: SHB Tony McLaughlin
|
0-0: Called Strike 0-1: Fielders Choice at 2nd, 5-4 (Groundball, 56)
|
Batting: RHB Luis Martínez
|
0-0: Ball 1-0: Called Strike 1-1: Ball 2-1: Fly out, F8 (Flyball, 89S)
|
Top of the 5th over - 5 run(s), 5 hit(s), 0 error(s), 1 left on base; Albuquerque 5 - San Jose 1 |
BOTTOM OF THE 5TH |
San Jose Missions batting - Pitching for Albuquerque Isotopes : RHP Mark Sanders
|
Batting: RHB Luis Antonio Rosas
|
0-0: Swinging Strike 0-1: Ball 1-1: Ball 2-1: Swinging Strike 2-2: SINGLE (Line Drive, 6MD)
|
Batting: RHB Joe Broadhead
|
0-0: Foul Ball, location: 2F 0-1: Ball 1-1: Ball 2-1: Fly out, F7 (Flyball, 7LS)
|
Batting: LHB Miguel Montés
|
0-0: Ball 1-0: Fielders Choice at 2nd, 6-4 (Groundball, 6M)
|
Now at 2B: Jorge Ramírez
|
|
Batting: RHB Armando López
|
0-0: Ball 1-0: Ball 2-0: Ball 3-0: Base on Balls Miguel Montés to second
|
Batting: LHB John Foster
|
0-0: Fly out, F9 (Flyball, 9LD)
|
Bottom of the 5th over - 0 run(s), 1 hit(s), 0 error(s), 2 left on base; Albuquerque 5 - San Jose 1 |
TOP OF THE 6TH |
Albuquerque Isotopes batting - Pitching for San Jose Missions : LHP Robert Flannery
|
Batting: LHB A.J. Major
|
0-0: Ball 1-0: Ball 2-0: SINGLE (Line Drive, 4M)
|
Batting: RHB Doug Stephens
|
0-0: Ball 1-0: Ball 2-0: Called Strike 2-1: Called Strike 2-2: DOUBLE (Groundball, 3L) A.J. Major to third Runner from 3rd tries for Home, SAFE, no throw or cutoff
|
Batting: LHB Mark Vestal
|
0-0: Ball 1-0: Ground out 6-3 (Groundball, 6M) Doug Stephens to third
|
Batting: RHB Edward Young
|
0-0: Called Strike 0-1: Swinging Strike 0-2: Strikes out swinging
|
Batting: LHB Juan Carlos Sánchez
|
0-0: Ball 1-0: 2-RUN HOME RUN (Flyball, 9LD), Distance : 349 ft
|
Pitching: RHP Danny Wheeler
|
|
Batting: RHB Juan Alberto
|
0-0: Called Strike 0-1: Ball 1-1: Ball 2-1: Ball 3-1: Base on Balls
|
Batting: LHB Domingo Cardona
|
0-0: Called Strike 0-1: Called Strike 0-2: Fly out, F8 (Flyball, 4MD)
|
Top of the 6th over - 3 run(s), 3 hit(s), 0 error(s), 1 left on base; Albuquerque 8 - San Jose 1 |
BOTTOM OF THE 6TH |
San Jose Missions batting - Pitching for Albuquerque Isotopes : RHP Mark Sanders
|
Batting: RHB Madidou El Sayed
|
0-0: Called Strike 0-1: Ball 1-1: Ground out 6-3 (Groundball, 6)
|
Batting: RHB Chase Mueller
|
0-0: Ball 1-0: Ball 2-0: Called Strike 2-1: Ground out 1-3 (Groundball, 15)
|
Batting: RHB Bobby Brewster
|
0-0: Ground out 5-3 (Groundball, 56S)
|
Bottom of the 6th over - 0 run(s), 0 hit(s), 0 error(s), 0 left on base; Albuquerque 8 - San Jose 1 |
TOP OF THE 7TH |
Albuquerque Isotopes batting - Pitching for San Jose Missions : RHP Danny Wheeler
|
Batting: RHB Jorge Ramírez
|
0-0: Ball 1-0: Ball 2-0: Ball 3-0: Called Strike 3-1: Base on Balls
|
Batting: RHB Luis Martínez
|
0-0: Sac Bunt - play at first, batter OUT! 1-4 Jorge Ramírez to second
|
Batting: LHB A.J. Major
|
0-0: Fly out, F2 (Popup, 2RF)
|
Batting: RHB Doug Stephens
|
0-0: Ground out 6-3 (Groundball, 6)
|
Top of the 7th over - 0 run(s), 0 hit(s), 0 error(s), 1 left on base; Albuquerque 8 - San Jose 1 |
BOTTOM OF THE 7TH |
San Jose Missions batting - Pitching for Albuquerque Isotopes : RHP Mark Sanders
|
Pitching: RHP Diego Chávez
|
|
Batting: RHB Elliott Rucker
|
0-0: Ball 1-0: Foul Ball, location: 2F 1-1: Ball 2-1: Ground out 5-3 (Groundball, 5S)
|
Batting: RHB Luis Antonio Rosas
|
0-0: Ball 1-0: Ball 2-0: Called Strike 2-1: Swinging Strike 2-2: Foul Ball, location: 2F 2-2: Ball 3-2: Strikes out swinging
|
Batting: RHB Joe Broadhead
|
0-0: Ball 1-0: Foul Ball, location: 2F 1-1: Ball 2-1: Foul Ball, location: 2F 2-2: Foul Ball, location: 2F 2-2: Ground out 6-3 (Groundball, 6M)
|
Bottom of the 7th over - 0 run(s), 0 hit(s), 0 error(s), 0 left on base; Albuquerque 8 - San Jose 1 |
TOP OF THE 8TH |
Albuquerque Isotopes batting - Pitching for San Jose Missions : RHP Danny Wheeler
|
Batting: LHB Mark Vestal
|
0-0: Called Strike 0-1: Swinging Strike 0-2: Foul Ball, location: 2F 0-2: Ball 1-2: Strikes out swinging
|
Batting: RHB Edward Young
|
0-0: Ball 1-0: Called Strike 1-1: Swinging Strike 1-2: Ball 2-2: Ground out 5-3 (Groundball, 56)
|
Batting: LHB Juan Carlos Sánchez
|
0-0: Ball 1-0: Ball 2-0: Called Strike 2-1: Ball 3-1: Base on Balls
|
Batting: RHB Juan Alberto
|
0-0: Ball 1-0: Foul Ball, location: 2F 1-1: Fielders Choice at 2nd, 5-4 (Groundball, 56)
|
Top of the 8th over - 0 run(s), 0 hit(s), 0 error(s), 0 left on base; Albuquerque 8 - San Jose 1 |
BOTTOM OF THE 8TH |
San Jose Missions batting - Pitching for Albuquerque Isotopes : RHP Diego Chávez
|
Batting: LHB Miguel Montés
|
0-0: Ball 1-0: Called Strike 1-1: Ground out 6-3 (Groundball, 6M)
|
Batting: RHB Armando López
|
0-0: Ground out 5-3 (Groundball, 5)
|
Batting: LHB John Foster
|
0-0: Fly out, F6 (Line Drive, 6)
|
Bottom of the 8th over - 0 run(s), 0 hit(s), 0 error(s), 0 left on base; Albuquerque 8 - San Jose 1 |
TOP OF THE 9TH |
Albuquerque Isotopes batting - Pitching for San Jose Missions : RHP Danny Wheeler
|
Batting: LHB Domingo Cardona
|
0-0: Called Strike 0-1: Ball 1-1: Swinging Strike 1-2: SINGLE (Groundball, 4M)
|
Batting: RHB Jorge Ramírez
|
0-0: Ball 1-0: Ball 2-0: Sac Bunt - play at first, batter OUT! 3-4 Domingo Cardona to second
|
Batting: RHB Luis Martínez
|
0-0: Ball 1-0: Foul Ball, location: 2F 1-1: Called Strike 1-2: Ground out 4-3 (Groundball, 4) Domingo Cardona to third
|
Batting: LHB A.J. Major
|
0-0: Fly out, F7 (Flyball, 78M)
|
Top of the 9th over - 0 run(s), 1 hit(s), 0 error(s), 1 left on base; Albuquerque 8 - San Jose 1 |
BOTTOM OF THE 9TH |
San Jose Missions batting - Pitching for Albuquerque Isotopes : RHP Diego Chávez
|
Now at C: António De Los Ángeles
|
|
Now in CF: Roberto Pérez
|
|
Batting: RHB Madidou El Sayed
|
0-0: Called Strike 0-1: Swinging Strike 0-2: Ball 1-2: Ground out 6-3 (Groundball, 56)
|
Batting: RHB Chase Mueller
|
0-0: SINGLE (Line Drive, 56)
|
Batting: RHB Bobby Brewster
|
0-0: Called Strike 0-1: Ball 1-1: DOUBLE (Line Drive, 7LS) Chase Mueller to third Runner from 3rd tries for Home, SAFE, no throw or cutoff
|
Batting: RHB Elliott Rucker
|
0-0: Ball 1-0: Ball 2-0: Called Strike 2-1: Fly out, F9 (Line Drive, 9S)
|
Batting: RHB Luis Antonio Rosas
|
0-0: Fly out, F9 (Flyball, 9M)
|
Bottom of the 9th over - 1 run(s), 2 hit(s), 0 error(s), 1 left on base; Albuquerque 8 - San Jose 2 |
|